 Dungeon Crawl Stone Soup version 0.21.1-1-g345015fe64 (webtiles) character file.

3854 Loge the Grappler (level 9, -1/93 HPs)
             Began as a Troll Monk on July 18, 2018.
             Was a Priest of Makhleb.
             Splashed by Pikel's acid (16 damage)
             ... on level 8 of the Dungeon.
             The game lasted 00:14:52 (5510 turns).

Loge the Grappler (Troll Monk)                      Turns: 5510, Time: 00:14:53

Health: -1/93      AC:  6    Str: 21    XL:     9   Next: 99%
Magic:  10/10      EV: 11    Int:  6    God:    Makhleb [***...]
Gold:   429        SH:  0    Dex: 15    Spells: 8/8 levels left

rFire    . . .     SeeInvis .     - Unarmed
rCold    . . .     Gourm    +   (no shield)
rNeg     . . .     Faith    .   o - +2 robe {MR+}
rPois    .         Spirit   .   (helmet restricted)
rElec    .         Reflect  .   z - +2 cloak
rCorr    .         Harm     .   (gloves unavailable)
MR       +....                  (boots unavailable)
Stlth    ++........             (no amulet)
HPRegen  0.65/turn              (no ring)
MPRegen  0.12/turn              (no ring)

@: corroded
A: large, unfitting armour, claws 3, fast metabolism 3, gourmand, regeneration
1, shaggy fur 1, tough skin 2
a: Minor Destruction, Lesser Servant of Makhleb, Renounce Religion


You were on level 8 of the Dungeon.
You worshipped Makhleb.
Makhleb was most pleased with you.
You were completely stuffed.

You visited 2 branches of the dungeon, and saw 9 of its levels.

You collected 429 gold pieces.

Inventory:

Hand Weapons
 x - a +2 hand axe of flaming
Missiles
 n - 138 stones (quivered)
 s - 2 throwing nets
Armour
 o - a +2 robe of magic resistance (worn)
 z - a +2 cloak (worn)
Jewellery
 a - a cursed amulet of the gourmand {unknown}
 q - an uncursed ring of see invisible {unknown}
Wands
 y - a wand of enslavement (15)
 A - a wand of disintegration (19)
Scrolls
 e - a scroll of random uselessness {unknown}
 f - a scroll of fog {unknown}
 g - 5 scrolls of remove curse
 h - a scroll of blinking {unknown}
 i - 10 scrolls of identify {unknown}
 k - 5 scrolls of magic mapping {unknown}
 m - a scroll of amnesia {unknown}
 r - a scroll of teleportation {unknown}
 t - a scroll of enchant weapon {unknown}
 v - a scroll of fear {unknown}
 w - a scroll of brand weapon {unknown}
 E - a scroll of enchant armour {unknown}
Potions
 c - a potion of invisibility {unknown}
 d - 2 potions of agility {unknown}
 j - 2 potions of ambrosia {unknown}
 l - 3 potions of might {unknown}
 p - a potion of heal wounds
 u - a potion of curing {unknown}
 C - a potion of magic {unknown}
 D - a potion of brilliance {unknown}
Books
 B - a book of Minor Magic

   Spells                             Type                      Level
   a - Magic Dart                     Conjuration                  1
   b - Blink                          Translocation                2
   c - Call Imp                       Summoning                    2
   d - Slow                           Hexes                        2
   e - Conjure Flame                  Conjuration/Fire             3
   f - Mephitic Cloud                 Conjuration/Poison/Air       3
Comestibles
 b - 21 rations
 F - 4 chunks of flesh


   Skills:
 + Level 7.1 Fighting
 - Level 2.4 Dodging
 - Level 1.0 Stealth
 * Level 11.5 Unarmed Combat
 + Level 3.5 Invocations


You had 8 spell levels left.
You didn't know any spells.

Dungeon Overview and Level Annotations

Branches:
Dungeon (8/15)             Temple (1/1) D:7
   Lair: D:8-11

Altars:
Ashenzari
Hepliaklqana
Makhleb
Qazlal
Ru
Uskayaw
Yredelemnul
The Shining One

Annotations:
D:8 Pikel


Innate Abilities, Weirdness & Mutations

You are too large for most types of armour.
You have claws for hands.
Your metabolism is lightning-fast.
You like to eat raw meat.
Your natural rate of healing is unusually fast.
You are covered in fur. (AC +1)
You have very tough skin. (AC +2)


Message History

You closely miss Pikel.
Pikel is moderately wounded.
Pikel zaps a wand.
The bolt of acid hits you!
You are splashed with acid!
The acid burns!
You barely miss Pikel.
Pikel is moderately wounded.
You closely miss Pikel.
Pikel is moderately wounded.
Pikel zaps a wand.
The bolt of acid hits you! The acid corrodes you!
You are splashed with acid!
The acid burns!
The slave shouts!
You claw Pikel!
Pikel is heavily wounded.
Pikel hits you with a whip of flaming. Pikel burns you.
You scratch Pikel.
Pikel is severely wounded.
Pikel zaps a wand.
The bolt of acid hits you!
* * * LOW HITPOINT WARNING * * *
You are splashed with acid!
The acid burns!
You die...

........####..###...#..##
.........#.....#...# #.##
..............#....###..##
####.....##...##...##....
#....###...###.......
#...## ##...........#
.^... ###...........#
..#....##.K[p.....##.[#
###.......@####.......#
##......## #....)...#
##....# ##.[..###.....#
#.... #.....# ##..### #...
......#..## .##
##.........#...# .# ..
##.........K....# ...
###............#
#...$..###...(.


You could see Pikel and a slave.

Vanquished Creatures
  The ghost of Loge the Ruffian, a novice TrMo of Makhleb (D:6)
  Grinder (D:5)
  A shadow (D:7)
  A spriggan (D:7)
  A water moccasin (D:7)
  An ice beast (D:7)
  4 sky beasts
  3 slaves (D:8)
  4 centaurs
  3 ogres
  The ghost of Fascinator the Slasher, an amateur DsFi (D:3)
  3 bullfrogs (D:7)
  4 scorpions
  4 wights (D:6)
  2 crimson imps (D:6)
  A quasit (D:8)
  2 orc priests (D:4)
  2 jellies
  Crazy Yiuf (D:6)
  A centaur skeleton (D:7)
  5 hounds
  15 orc wizards
  An iguana (D:7)
  4 worker ants
  7 adders
  8 gnolls
  2 river rats (D:4)
  A shadow imp (D:6)
  An adder skeleton (D:6)
  3 worms
  A dart slug (D:1)
  4 leopard geckos (D:3)
  27 orcs
  8 bats
  2 giant cockroaches
  7 goblins
  13 hobgoblins
  10 jackals
  4 quokkas
  6 ball pythons
  3 frilled lizards
  A jackal skeleton (D:6)
  3 kobolds
  2 leopard gecko skeletons
  11 rats
190 creatures vanquished.

Vanquished Creatures (others)
  A giant cockroach (D:6)
1 creature vanquished.

Grand Total: 191 creatures vanquished

Notes
Turn   | Place    | Note
-------+----------+-------------------------------------------
     0 | D:1      | Loge the Troll Monk began the quest for the Orb.
     0 | D:1      | Reached XP level 1. HP: 22/22 MP: 0/0
     8 | D:1      | Reached XP level 2. HP: 27/29 MP: 1/1
   345 | D:1      | Reached XP level 3. HP: 36/36 MP: 2/2
   541 | D:2      | Reached skill level 4 in Unarmed Combat
  1277 | D:3      | Reached XP level 4. HP: 45/45 MP: 3/3
  1330 | D:3      | Noticed Fascinator's ghost (amateur DsFi)
  1368 | D:3      | HP: 2/45 [Fascinator's ghost (7)]
  1662 | D:3      | Killed Fascinator's ghost
  1662 | D:3      | Reached skill level 5 in Unarmed Combat
  1662 | D:3      | Reached XP level 5. HP: 26/53 MP: 4/4
  1934 | D:3      | Found a hide-covered altar of Uskayaw.
  1940 | D:3      | Found a basalt altar of Yredelemnul.
  2078 | D:4      | Found a glowing drain.
  2202 | D:4      | Reached XP level 6. HP: 8/62 MP: 5/5
  2203 | D:4      | Reached skill level 6 in Unarmed Combat
  2709 | D:4      | Reached XP level 7. HP: 70/70 MP: 6/6
  2983 | D:5      | Entered Level 5 of the Dungeon
  2987 | D:5      | Reached skill level 7 in Unarmed Combat
  3244 | D:5      | Noticed Grinder
  3259 | D:5      | Killed Grinder
  3259 | D:5      | Reached skill level 5 in Fighting
  3259 | D:5      | Reached skill level 8 in Unarmed Combat
  3259 | D:5      | Reached XP level 8. HP: 74/80 MP: 7/7
  3429 | D:6      | Found a burning altar of Makhleb.
  3447 | D:6      | Became a worshipper of Makhleb the Destroyer
  3447 | D:6      | Reached * piety under Makhleb
  3447 | D:6      | Reached ** piety under Makhleb
  3765 | D:7      | Reached skill level 9 in Unarmed Combat
  3832 | D:6      | Found a runed door.
  4049 | D:6      | Reached skill level 10 in Unarmed Combat
  4154 | D:6      | Reached XP level 9. HP: 89/89 MP: 8/8
  4212 | D:6      | Noticed Loge's ghost (novice TrMo)
  4232 | D:6      | Killed Loge's ghost
  4232 | D:6      | Reached skill level 1 in Invocations
  4261 | D:6      | Found a glowing golden altar of the Shining One.
  4324 | D:6      | Noticed Crazy Yiuf
  4328 | D:6      | Killed Crazy Yiuf
  4453 | D:7      | Found a staircase to the Ecumenical Temple.
  4523 | Temple   | Entered the Ecumenical Temple
  4733 | D:7      | Reached *** piety under Makhleb
  4789 | D:7      | Reached skill level 11 in Unarmed Combat
  5482 | D:8      | Noticed Pikel
  5510 | D:8      | Splashed by Pikel's acid

Skill      XL: |  1  2  3  4  5  6  7  8  9 |
---------------+----------------------------+-----
Unarmed Combat | 4 5 6 8 10 11 | 11.5
Fighting       | 3 4 5 6 7 |  7.1
Invocations    | 3 |  3.5
Dodging        | |  2.4
Stealth        | |  1.0

Action                   |  1- 3 |  4- 6 |  7- 9 || total
-------------------------+-------+-------+-------++-------
Melee: Unarmed           |   104 |   189 |   302 ||   595
       Punch             |       |     7 |    12 ||    19
  Use: Scroll            |       |     1 |       ||     1
 Stab: Sleeping          |     2 |       |     1 ||     3
  Eat: Chunk             |    17 |    13 |    26 ||    56
Armor: Robe              |    56 |    50 |    99 ||   205
Dodge: Dodged            |    62 |    83 |   124 ||   269
